 Dungeon Crawl Stone Soup version 0.25.0-26-g0c896c7088 (webtiles) character file.

Game seed: 7920071406198225893

2989 mortelune the Cleaver (level 9, 0/64 HPs)
             Began as a Demonspawn Chaos Knight on July 3, 2020.
             Was a Plaything of Xom.
             Slain by a hornet zombie (9 damage)
             ... on level 8 of the Dungeon.
             The game lasted 00:17:46 (9985 turns).

mortelune the Cleaver (Demonspawn Chaos Knight)     Turns: 9985, Time: 00:17:46

Health: 0/64       AC: 10    Str: 13    XL:     9   Next: 53%
Magic:  0/9        EV: 12    Int: 14    God:    Xom [......]
Gold:   47         SH:  0    Dex: 19    Spells: 8/8 levels left

rFire    + . .     SeeInvis .   d - +2 broad axe (chaos)
rCold    + . .     Gourm    .   (no shield)
rNeg     . . .     Faith    .   u - +2 ring mail of Xom's Benevolence {rCorr Str-3 Dex+3}
rPois    +         Spirit   +   (helmet restricted)
rElec    +         Reflect  .   (no cloak)
rCorr    +         Harm     .   (no gloves)
MR       .....                  (no boots)
Stlth    +.........             (no amulet)
HPRegen  0.20/turn              W - ring of wizardry
MPRegen  0.22/turn              r - +4 ring of slaying

@: about to teleport, resistant, drained
A: hooves 1, horns 1, slimy green scales 1, agile 2, demonic guardian 2, frail
1, magic shield, magic regeneration
a: Renounce Religion


You were on level 8 of the Dungeon.
You worshipped Xom.
You were a very special plaything of Xom.
You were hungry.

You visited 2 branches of the dungeon, and saw 9 of its levels.

You collected 235 gold pieces.
You spent 188 gold pieces at shops.

Inventory:

Hand Weapons
 a - a +1 hand axe of chaos
 d - a +2 broad axe of chaos (weapon)
 x - a +0 dire flail
Missiles
 h - 3 silver boomerangs (quivered)
Armour
 b - a +2 leather armour
 l - a +1 scale mail
 u - the +2 ring mail of Xom's Benevolence (worn) {rCorr Str-3 Dex+3}
   (You found it on level 8 of the Dungeon)

   It affects your strength (-3).
   It affects your dexterity (+3).
   It provides partial protection from all sources of acid and corrosion.
 v - a +0 plate armour
 w - a -1 ring mail
Jewellery
 r - a +4 ring of slaying (right hand)
 W - a ring of wizardry (left hand)
Wands
 q - a wand of clouds (5)
Scrolls
 e - 4 scrolls of remove curse
 f - a scroll of amnesia
 i - 6 scrolls of identify
 m - a scroll of immolation
 p - 2 scrolls of enchant armour
Potions
 g - 2 potions of resistance
 k - a potion of haste
 n - a potion of cancellation
 o - a potion of brilliance
 s - a potion of magic
Comestibles
 c - 17 rations


   Skills:
 + Level 7.5(6.6) Fighting
 * Level 8.4(7.4) Axes
 - Level 6.0(5.1) Armour
 * Level 3.5(2.6) Dodging


You had 8 spell levels left.
You didn't know any spells.
Your spell library was empty.

Dungeon Overview and Level Annotations

Branches:
Dungeon (8/15)             Temple (1/1) D:4
   Lair: D:8-11

Altars:
Ashenzari
Cheibriados
Dithmenos
Elyvilon
Fedhas
Gozag
Hepliaklqana
Kikubaaqudgha
Makhleb
Nemelex Xobeh
Okawaru
Qazlal
Ru
Sif Muna
Trog
Uskayaw
Vehumet
Wu Jian
Xom
Yredelemnul
Zin
The Shining One

Shops:
D:4 :*=   D:5 }   D:7 %*%!


Innate Abilities, Weirdness & Mutations

You have a pair of small horns on your head.
You are partially covered in slimy green scales. (AC +2)
A demonic guardian rushes to your aid.
When hurt, damage is shared between your health and your magic reserves.
You regenerate magic rapidly.
You have large cloven feet.
You are very agile. (Dex +4)
You are frail. (-10% HP)


Message History

You barely miss something. You kick something. You headbutt something.
Something hits you but does no damage. Something hits you.
* * * LOW HITPOINT WARNING * * *
Something hits you.
* * * LOW HITPOINT WARNING * * *
You closely miss something. You kick something. Something barely misses you.
Something hits you!
* * * LOW HITPOINT WARNING * * *
You feel much better. Something hits you but does no damage.
Something hits you!
* * * LOW HITPOINT WARNING * * *
You feel protected. Something hits you!
* * * LOW HITPOINT WARNING * * *
Something hits you but does no damage.
As you read the scroll of teleportation, it crumbles to dust.
You feel strangely unstable. Something hits you but does no damage.
Something hits you!
You die... "I guess I need a new plaything now."

#..###.......##.######.#..#
#.......####.##.# #.##.#
#.............#.# ... ..
#..#............# #.## .
#..###..####..### #.#
#.............# #.#
#.####..####..# ..
#..####..#### #....@.......
#....{.....>.
.......####.#### ######.# #
#.# #.# ..) ###


There were no monsters in sight!

Vanquished Creatures
  Pikel (D:6)
  Prince Ribbit (D:5)
  A hippogriff (D:4)
  An orc warrior (D:8)
  A slave (D:6)
  A sky beast (D:8)
  3 ice beasts
  A phantom (D:8)
  An ogre (D:8)
  2 centaurs
  A big kobold (D:7)
  A bullfrog (D:7)
  2 scorpions (D:4)
  4 wights (D:8)
  A crimson imp (D:6)
  A centaur zombie (D:6)
  2 bullfrog skeletons (D:8)
  2 hounds
  3 orc priests (D:8)
  3 iguanas
  3 orc wizards
  2 worker ants (D:4)
  20 adders
  A howler monkey skeleton (D:7)
  2 shadow imps
  2 oozes (D:1)
  An adder skeleton (D:6)
  5 worms
  2 dart slugs (D:2)
  6 leopard geckos
  16 orcs
  9 bats
  9 giant cockroaches
  11 goblins
  14 hobgoblins
  2 jackals (D:1)
  7 kobolds
  5 quokkas
  A ball python (D:4)
  A frilled lizard (D:4)
  A leopard gecko skeleton (D:4)
  A quokka skeleton (D:8)
  6 rats
160 creatures vanquished.

Vanquished Creatures (collateral kills)
  Menkaure (D:6)
  A centaur (D:5)
  An ogre (D:4)
  An ice beast (D:5)
  A wight (D:8)
  A leopard gecko (D:5)
  An orc (D:5)
  A giant cockroach (D:4)
8 creatures vanquished.

Vanquished Creatures (others)
  A giant cockroach (D:3)
1 creature vanquished.

Grand Total: 169 creatures vanquished

Notes
Turn   | Place    | Note
-------+----------+-------------------------------------------
     0 | D:1      | mortelune the Demonspawn Chaos Knight began the quest for
                  | the Orb.
     0 | D:1      | Reached XP level 1. HP: 18/18 MP: 1/1
    19 | D:1      | XOM: potion effect (stabbing)
    49 | D:1      | Reached skill level 3 in Axes
    83 | D:1      | Gained mutation: You have a pair of small horns on your
                  | head. [demonic ancestry]
    83 | D:1      | Reached XP level 2. HP: 24/24 MP: 2/2
   494 | D:1      | Reached XP level 3. HP: 23/29 MP: 3/3
  1044 | D:2      | XOM: silly message
  1137 | D:2      | XOM: silly message
  1141 | D:2      | XOM: silly message
  1144 | D:2      | XOM: butterfly on damage
  1257 | D:2      | XOM: 9-stop teleportation journey
  1329 | D:2      | Found a shadowy altar of Dithmenos.
  1336 | D:2      | Found a shattered altar of Ashenzari.
  1340 | D:2      | XOM: divination: detect items
  1409 | D:2      | Reached XP level 4. HP: 18/35 MP: 4/4
  1793 | D:2      | XOM: divination: detect creatures
  1855 | D:2      | XOM: 1-stop teleportation journey
  2172 | D:2      | Found a faded altar of an unknown god.
  2174 | D:2      | XOM: enchant monster (good)
  2311 | D:2      | XOM: summons 1 hostile demon
  2475 | D:2      | XOM: 3-stop teleportation journey
  2741 | D:2      | Reached skill level 4 in Axes
  2898 | D:3      | Gained mutation: When hurt, damage is shared between your
                  | health and your magic reserves. [demonic ancestry]
  2898 | D:3      | Reached XP level 5. HP: 33/42 MP: 5/5
  3143 | D:3      | Found a basalt altar of Yredelemnul.
  3213 | D:3      | XOM: 6-stop teleportation journey
  3501 | D:3      | XOM: give mutations
  3501 | D:3      | Gained mutation: You are weak. (Str -2) [Xom's mischief]
  3501 | D:3      | Gained mutation: You occasionally shout uncontrollably at
                  | your foes. [Xom's mischief]
  3501 | D:3      | Lost mutation: You occasionally shout uncontrollably at
                  | your foes. [Xom's mischief]
  3501 | D:3      | Gained mutation: Your body sometimes deteriorates upon
                  | taking damage. [Xom's mischief]
  3982 | D:4      | Found a sparkling altar of Nemelex Xobeh.
  3982 | D:4      | XOM: 7-stop teleportation journey
  3983 | D:4      | XOM: summons friendly quasit
  4003 | D:4      | Noticed a hippogriff
  4006 | D:4      | XOM: fake destruction
  4012 | D:4      | Killed a hippogriff
  4012 | D:4      | Gained mutation: A weak demonic guardian rushes to your
                  | aid. [demonic ancestry]
  4012 | D:4      | Reached XP level 6. HP: 29/49 MP: 2/6
  4147 | D:4      | Lost mutation: You are weak. (Str -2) [potion of mutation]
  4147 | D:4      | Lost mutation: Your body sometimes deteriorates upon taking
                  | damage. [potion of mutation]
  4147 | D:4      | Gained mutation: You are agile. (Dex +2) [potion of
                  | mutation]
  4147 | D:4      | Gained mutation: Armour fits poorly on your strangely
                  | shaped body. [potion of mutation]
  4147 | D:4      | Gained mutation: You are very agile. (Dex +4) [potion of
                  | mutation]
  4163 | D:4      | Found a shattered altar of Ashenzari.
  4163 | D:4      | XOM: god gift: runed broad axe {god gift}
  4166 | D:4      | Reached skill level 5 in Axes
  4351 | D:4      | You fall into a shaft and drop 2 floors!
  4358 | D:6      | Gained mutation: You are partially covered in slimy green
                  | scales. (AC +2) [demonic ancestry]
  4358 | D:6      | Reached XP level 7. HP: 46/55 MP: 7/7
  4431 | D:6      | Reached skill level 5 in Fighting
  4446 | D:7      | Found Naosk's Assorted Antiques.
  4492 | D:7      | Found Jepsif's Food Boutique.
  4492 | D:7      | XOM: 8-stop teleportation journey
  5115 | D:5      | Entered Level 5 of the Dungeon
  5133 | D:5      | Found Osuten's Gadget Shop.
  5144 | D:5      | XOM: cast spell 'Summon Horrible Things'
  5245 | D:4      | Found Ceijubio's Jewellery Boutique.
  5317 | D:4      | Found a staircase to the Ecumenical Temple.
  5320 | D:4      | XOM: noise
  5342 | Temple   | Entered the Ecumenical Temple
  5691 | D:4      | Found Ykhlyur's Assorted Antiques.
  5696 | D:4      | Bought a scroll of identify for 48 gold pieces
  5700 | D:4      | Found Gutzotur's Book Boutique.
  6071 | D:5      | Noticed Prince Ribbit
  6074 | D:5      | XOM: destruction
  6087 | D:5      | XOM: divination: detect creatures
  6104 | D:4      | XOM: cloud trail
  6163 | D:4      | XOM: noise
  6378 | D:5      | XOM: silly message
  6508 | D:5      | Gained mutation: A demonic guardian rushes to your aid.
                  | [demonic ancestry]
  6508 | D:5      | Reached XP level 8. HP: 30/64 MP: 3/8
  6631 | D:5      | XOM: noise
  6644 | D:5      | Killed Prince Ribbit
  6644 | D:5      | Reached skill level 6 in Axes
  6644 | D:5      | Reached skill level 5 in Armour
  6830 | D:5      | XOM: cloud trail
  7194 | D:5      | Found an iron altar of Okawaru.
  7312 | D:6      | Noticed Menkaure
  7315 | D:6      | Killed Menkaure
  7349 | D:6      | XOM: silly message
  7409 | D:6      | Found an ornate altar of the Wu Jian Council.
  7539 | D:6      | Noticed Pikel
  7545 | D:6      | XOM: confuse monster(s)
  7553 | D:6      | Killed Pikel
  7553 | D:6      | Reached skill level 7 in Axes
  7682 | D:6      | XOM: silly message
  7686 | D:6      | XOM: god gift: scroll of teleportation
  7704 | D:6      | XOM: silly message
  7811 | D:6      | Found a shimmering altar of Xom.
  7818 | D:6      | XOM: noise
  7917 | D:6      | XOM: cloud trail
  8042 | D:7      | Bought a potion of heal wounds for 140 gold pieces
  8089 | D:7      | Found Ohuzew's Distillery.
  8109 | D:7      | Gained mutation: You regenerate magic rapidly. [demonic
                  | ancestry]
  8109 | D:7      | Reached XP level 9. HP: 58/72 MP: 6/9
  8189 | D:7      | XOM: silly message
  8419 | D:7      | XOM: silly message
  8504 | D:7      | Found Gesuib's Food Boutique.
  8512 | D:7      | XOM: divination: detect creatures
  8520 | D:7      | XOM: summons 2 hostile shadow creatures
  8793 | D:8      | Got a slimy ring mail
  8804 | D:8      | Identified the +2 ring mail of Xom's Benevolence {rCorr
                  | Str-3 Dex+3} (You found it on level 8 of the Dungeon)
  8867 | D:8      | Reached skill level 1 in Dodging
  9184 | D:7      | XOM: summons 1 hostile demon
  9526 | D:8      | Reached skill level 8 in Axes
  9578 | D:8      | XOM: chaos cloud
  9581 | D:8      | Paralysed by you for 3 turns
  9646 | D:8      | XOM: give mutations
  9646 | D:8      | Lost mutation: Armour fits poorly on your strangely shaped
                  | body. [Xom's mischief]
  9646 | D:8      | Gained mutation: You are frail. (-10% HP) [Xom's mischief]
  9646 | D:8      | Gained mutation: You have large cloven feet. [Xom's
                  | mischief]
  9797 | D:8      | XOM: confusion
  9816 | D:8      | XOM: swap monsters
  9970 | D:8      | XOM: enchant monster (bad)
  9985 | D:8      | Slain by a hornet zombie

Illustrated notes

Levels and vault maps discovered:
D:1:      lordsloth_arrival_two_stooges, layout_basic
D:2:      layout_loops_corners, gammafunk_temple_overflow_statue,
          chequers_ecumenical_altar_simple_redux
D:3:      layout_basic, lemuel_crystal_altar, first_ration
D:4:      layout_rooms, lemuel_coloured_pillars_altar,
          minmay_temple_entry_waves, serial_shops, shop, shop,
          kennysheep_little_box, evilmike_ruin_ashenzari
D:5:      layout_cave_pools, marbit_many_paths, serial_shops, shop_statue,
          sigmund_army, uniq_prince_ribbit1
D:6:      layout_loops_ring, old_standard_altar, lemuel_doored_altar,
          uniq_menkaure, uniq_pikel
D:7:      layout_cave_pods, serial_shops, nicolae_shop_window_shopping,
          nicolae_shop_stone, shop, shop
D:8:      layout_loops_ring
Temple:   regret_index_temple_waves

Skill      XL: |  1  2  3  4  5  6  7  8  9 |
---------------+----------------------------+-----
Axes           | 3 4 5 7 8 |  8.4
Armour         | 2 3 4 6 |  6.0
Fighting       | 4 5 7 |  7.5
Dodging        | 3 |  3.5

Action                   |  1- 3 |  4- 6 |  7- 9 || total
-------------------------+-------+-------+-------++-------
Melee: Hand axe          |    89 |   158 |       ||   247
       Headbutt          |     7 |    29 |    53 ||    89
       Broad axe         |       |    12 |   231 ||   243
       Kick              |       |       |     7 ||     7
  Use: Scroll            |       |     9 |     7 ||    16
       Potion            |       |     7 |     4 ||    11
 Stab: Paralysed         |     1 |       |       ||     1
       Petrifying        |       |       |     2 ||     2
       Petrified         |       |       |     3 ||     3
       Confused          |       |       |     2 ||     2
       Distracted        |       |       |     1 ||     1
  Eat: Chunk             |     2 |     9 |    17 ||    28
Armor: Leather armour    |    27 |       |       ||    27
       Scale mail        |     5 |    82 |    87 ||   174
       Ring mail         |       |       |    38 ||    38
Dodge: Dodged            |    53 |    90 |   113 ||   256
